 Dungeon Crawl Stone Soup version 0.14.1-26-g5a19342 (webtiles) character file.

235 Kae the Firebug (level 4, -1/24 HPs)
             Began as a Tengu Fire Elementalist on July 24, 2014.
             Slain by an ogre
             ... wielding a +0,+0 giant club
              (13 damage)
             ... on Level 3 of the Dungeon.
             The game lasted 00:03:37 (2926 turns).

Kae the Firebug (Tengu Fire Elementalist)           Turns: 2926, Time: 00:03:37

HP  -1/24        AC  2     Str  9      XL: 4   Next: 84%
MP   0/9         EV 12     Int 16      God:
Gold 129         SH  0     Dex 14      Spells:  3 memorised,  2 levels left

rFire  . . .     SeeInvis .     (no weapon)
rCold  . . .     Clarity  .     a - +0 robe
rNeg   . . .     Conserve .     (no shield)
rPois  .         rCorr    .     (helmet restricted)
rElec  .         rRot     .     (no cloak)
SustAb . .       Spirit   .     (no gloves)
rMut   .         Warding  .     (boots unavailable)
Saprov . . .     Stasis   .     (no amulet)
MR     .....                    (no ring)
                                (no ring)

@: not resistant to hostile enchantments, fairly stealthy
A: beak, talons 3
a: no special abilities


You were on level 3 of the Dungeon.
You were not hungry.

You visited 1 branch of the dungeon, and saw 3 of its levels.

You collected 129 gold pieces.

Inventory:

Armour
 a - a +0 robe (worn)
Comestibles
 c - 3 bread rations
 f - a choko
 g - 4 meat rations
 k - a snozzcumber
 n - a pear
Scrolls
 h - 3 scrolls of remove curse {unknown}
 j - 3 scrolls of identify {unknown}
 l - 2 scrolls of random uselessness {unknown}
 p - 3 scrolls of noise {unknown}
 s - 3 scrolls of teleportation {unknown}
 t - a scroll of enchant weapon II {unknown}
 u - a scroll of enchant weapon I {unknown}
 v - a scroll of magic mapping {unknown}
 w - a scroll of fear {unknown}
 x - a scroll of enchant armour {unknown}
Jewellery
 i - an uncursed amulet of stasis {unknown}
Potions
 d - a potion of heal wounds {unknown}
 e - 5 potions of curing {unknown}
 m - 3 potions of haste {unknown}
 o - a potion of brilliance {unknown}
 q - a potion of restore abilities {unknown}
 r - 2 potions of cure mutation {unknown}
Books
 b - a book of Flames

   Spells                             Type                      Level
   *Flame Tongue                      Conjuration/Fire             1
   *Throw Flame                       Conjuration/Fire             2
   *Conjure Flame                     Conjuration/Fire             3
   Inner Flame                        Hexes/Fire                   3
   Sticky Flame                       Conjuration/Fire             4
   Fireball                           Conjuration/Fire             5


   Skills:
 - Level 2.1 Dodging
 - Level 2.0 Stealth
 + Level 2.5 Spellcasting
 * Level 3.8 Conjurations
 * Level 4.6 Fire Magic


You had 2 spell levels left.
You knew the following spells:

 Your Spells              Type           Power        Failure   Level  Hunger
a - Flame Tongue          Conj/Fire      ###..        4%          1    #......
b - Throw Flame           Conj/Fire      ###...       8%          2    ##.....
c - Conjure Flame         Conj/Fire      ###.....     12%         3    ###....


Dungeon Overview and Level Annotations

Branches:
Dungeon (3/15)

Altars:


Innate Abilities, Weirdness & Mutations

You have a beak for a mouth.
You have claws for feet.


Message History

The ogre is severely wounded.
The ogre hits you with a giant club.
Casting: Flame Tongue
Confirm with . or Enter, or press ? or * to list all spells.
Aiming: Flame Tongue
Press: ? - help, Shift-Dir - straight line, f/p - ogre
Aim: an ogre, wielding a giant club (severely wounded)
The flame tongue hits the ogre.
The ogre is almost dead.
The ogre closely misses you.
Casting: Flame Tongue
Confirm with . or Enter, or press ? or * to list all spells.
Aiming: Flame Tongue
Press: ? - help, Shift-Dir - straight line, f/p - ogre
Aim: an ogre, wielding a giant club (almost dead)
The flame tongue hits the ogre.
The ogre is almost dead.
The ogre hits you with a giant club!
Ouch! That really hurt!
You die...

#.# #.# #.# #.###
#...# ###.#
####.####
#.....O.#
#.##.##@#
#.##.##%#
#<##.##.#
###.##.##.#
#......##.#
#####.###...#.#
####.....# #.#.#.#
....O###.###...#.#
###### #.....###.#


You could see an ogre.

Vanquished Creatures
  An orc wizard (D:3)
  2 adders
  A worm (D:3)
  An ooze (D:1)
  5 orcs (D:3)
  A giant cockroach (D:3)
  7 goblins
  7 hobgoblins
  2 jackals (D:2)
  6 kobolds
  2 quokkas
  5 bats
  A giant gecko (D:2)
  6 giant newts
  11 rats
58 creatures vanquished.

Notes
Turn   | Place    | Note
--------------------------------------------------------------
     0 | D:1      | Kae, the Tengu Fire Elementalist, began the quest for the Orb.
     0 | D:1      | Reached XP level 1. HP: 10/10 MP: 3/3
   202 | D:1      | Reached XP level 2. HP: 12/15 MP: 0/5
   931 | D:2      | Reached skill level 4 in Fire Magic
   931 | D:2      | Reached XP level 3. HP: 19/19 MP: 4/7
  1994 | D:3      | Reached XP level 4. HP: 6/24 MP: 1/9
  2410 | D:3      | Noticed an ogre
  2540 | D:2      | Learned a level 2 spell: Throw Flame
  2544 | D:2      | Learned a level 3 spell: Conjure Flame
  2926 | D:3      | Slain by an ogre

Action                   |  1- 3 |  4- 6 || total
-------------------------+-------+-------++-------
Melee: Unarmed           |    22 |     2 ||    24
 Cast: Flame Tongue      |    66 |    37 ||   103
       Throw Flame       |       |     2 ||     2
       Conjure Flame     |       |     1 ||     1
